 Dungeon Crawl Stone Soup version 0.29.1-12-g30fa7ad0bf (webtiles) character file.

Game seed: 16300989914654449595

475 hawla the Firebug (level 7, -4/50 HPs)
             Began as a Meteoran Fire Elementalist on Dec 30, 2022.
             Slain by Sigmund
             ... wielding a +2 scythe of venom
              (9 damage)
             ... on level 4 of the Dungeon.
             The game lasted 00:04:59 (856 turns).

hawla the Firebug (Meteoran Fire Elementalist)       Turns: 856, Time: 00:05:00

Health: -4/50      AC:  2    Str: 10    XL:     7   Next: 58%
Magic:  9/14       EV: 13    Int: 18    God:
Gold:   61         SH:  0    Dex: 15    Spells: 7/14 levels left

rFire   + . .      SeeInvis .   d - +5 flail (distort)
rCold   + . .      Faith    .   (no shield)
rNeg    . . .      Spirit   .   a - +0 robe
rPois   +          Reflect  .   (no helmet)
rElec   +          Harm     .   (no cloak)
rCorr   +          Rampage  .   (no gloves)
Will    .....                   (no boots)
Stlth   +.........              (no amulet)
HPRegen 0.16/turn               (no ring)
MPRegen 0.14/turn               (no ring)

@: lethally poisoned (-4 -> -13), resistant, glowing
A: sense surroundings 1, otherworldly, glowing, explore regen
a: no special abilities


You were on level 4 of the Dungeon.
You visited 1 branch of the dungeon, and saw 4 of its levels.

You collected 61 gold pieces.

Inventory:

Hand Weapons
 d - a +5 flail of distortion (weapon)
Armour
 a - a +0 robe (worn)
Wands
 f - a wand of flame (6) (quivered)
Potions
 b - a potion of magic
 g - a potion of heal wounds {unknown}
 h - a potion of attraction {unknown}


   Skills:
 + Level 0.1 Fighting
 + Level 0.1 Maces & Flails
 + Level 3.0 Dodging
 - Level 1.4 Stealth
 + Level 4.3 Spellcasting
 + Level 5.7 Conjurations
 + Level 6.2 Fire Magic


You had 7 spell levels left.
You knew the following spells:

 Your Spells              Type           Power      Damage    Failure   Level
a - Foxfire               Conj/Fire      100%       2x1d9     1%          1
b - Scorch                Fire           52%        2d7       1%          2
c - Flame Wave            Conj/Fire      25%        2d8       12%         4

Your spell library contained the following spells:

 Spells                   Type           Power      Damage    Failure   Level
 Conjure Flame            Conj/Fire      25%        6-21      3%          3
 Shock                    Conj/Air       56%        1d6       4%          1
 Inner Flame              Hex/Fire       15%        N/A       12%         3
 Swiftness                Air            3%         N/A       41%         3
 Airstrike                Air            1%         2d(1-17)  82%         4


Dungeon Overview and Level Annotations

Branches:
Dungeon (4/15) Zot: 1539
 Temple: D:4-7

Altars:

Annotations:
D:4 Sigmund


Innate Abilities, Weirdness & Mutations

You passively map a small area around you.
You are easily found by Zot.
You glow in the dark.
You regain HP and MP as you explore.


Message History

The iguana barely misses you. Something hits you!
You are poisoned.
Casting: Foxfire (safe; 1% risk of failure)
Confirm with . or Enter, or press ? or * to list all spells.
The spell is quite dangerous to miscast (13% risk of failure)!
Continue anyway?
Casting: Flame Wave (quite dangerous; 13% risk of failure)
Press: ? - help, Dir - look around, f - activate A wave of flame ripples out!
The flame wave engulfs the iguana.
The iguana is heavily wounded. (Press . to intensify the flame waves.)
You feel very sick. The iguana completely misses you.
A wave of flame ripples out!
The flame wave engulfs the iguana!
The iguana is almost dead.
The flame wave engulfs something!
You feel sick. Something hits you.
You are more poisoned.
The iguana bites you!
* * * LOW HITPOINT WARNING * * *
Unknown command.
A wave of flame ripples out!
The flame wave engulfs the iguana!
You kill the iguana!
The flame wave engulfs something.
You finish channelling waves of flame.
* * * LOW HITPOINT WARNING * * *
You feel very sick. Something hits you.
* * * LOW HITPOINT WARNING * * *
You are more poisoned.
You feel better.
As you read the scroll labelled GAS RO WERORU, it crumbles to dust.
It is a scroll of enchant weapon.
Your +4 flail of distortion glows red for a moment.
Something hits you.
* * * LOW HITPOINT WARNING * * *
You are lethally poisoned!
It was a potion of resistance.
You feel protected.
* * * LOW HITPOINT WARNING * * *
You feel very sick. Something hits you!
You die...

# ###### # #....# # #....# #
#....# # #..{.# , # #..†.# #
#..@.# ##############....##
####.... ....#....##..##....#
#....... ....#....#....'....#
#....... ....#....'....#....#
#....... ....#######...#....#
#....... ....#....##...#....#
#....).. ....#.....'...#....#
#....)).
....#....##...#....#######....).)


There were no monsters in sight!

Vanquished Creatures
  Edmund (D:4)
  A scorpion (D:4)
  A gnoll bouda (D:4)
  A hound (D:4)
  An orc priest (D:4)
  An iguana (D:4)
  Natasha (thrice) (D:4)
  An orc wizard (D:4)
  Robin (D:4)
  3 gnolls (D:4)
  An adder (D:4)
  3 orcs (D:4)
  5 endoplasms
  2 giant cockroaches (D:2)
  11 goblins
  6 hobgoblins
  A quokka (D:4)
  A ball python (D:4)
  2 bats
  A frilled lizard (D:3)
  3 kobolds
  2 rats
52 creatures vanquished.

Vanquished Creatures (others)
  53 foxfires
53 creatures vanquished.

Grand Total: 105 creatures vanquished

Notes
Turn   | Place    | Note
-------+----------+-------------------------------------------
     0 | D:1      | hawla the Meteoran Fire Elementalist began the quest for
                  | the Orb.
     0 | D:1      | Reached XP level 1. HP: 14/14 MP: 5/5
   147 | D:2      | Reached skill level 4 in Fire Magic
   147 | D:2      | Reached XP level 2. HP: 20/20 MP: 4/6
   150 | D:2      | Learned a level 2 spell: Scorch
   285 | D:4      | Noticed Edmund
   316 | D:4      | Killed Edmund
   317 | D:4      | Reached skill level 5 in Fire Magic
   317 | D:4      | Reached XP level 3. HP: 12/26 MP: 1/9
   317 | D:4      | Reached XP level 4. HP: 15/33 MP: 1/10
   317 | D:4      | Reached XP level 5. HP: 17/38 MP: 1/11
   325 | D:4      | Learned a level 4 spell: Flame Wave
   340 | D:4      | Noticed Natasha
   344 | D:4      | Killed Natasha
   379 | D:4      | Noticed Natasha
   382 | D:4      | Killed Natasha
   383 | D:4      | Reached XP level 6. HP: 45/45 MP: 8/12
   472 | D:4      | Reached skill level 5 in Conjurations
   520 | D:4      | Reached XP level 7. HP: 50/50 MP: 7/13
   521 | D:4      | Noticed Natasha
   525 | D:4      | Killed Natasha
   635 | D:4      | Noticed Robin
   643 | D:4      | Killed Robin
   681 | D:4      | Reached skill level 6 in Fire Magic
   846 | D:4      | Noticed Sigmund
   856 | D:4      | Slain by Sigmund

Illustrated notes

Levels and vault maps discovered:
D:1:      ncdulo_halloftheorcs, layout_basic
D:2:      layout_basic, hellmonk_ecumenical_altar_zigzags
D:3:      layout_rooms
D:4:      layout_gridville, uniq_robin, uniq_edmund, uniq_sigmund, uniq_natasha

Skill      XL: |  1  2  3  4  5  6  7 |
---------------+----------------------+-----
Fire Magic     | 4 5 6 |  6.2
Dodging        | 3 |  3.0
Spellcasting   | 3 4 |  4.3
Conjurations   | 3 5 |  5.7
Fighting       | |  0.1
Maces & Flails | |  0.1
Stealth        | |  1.4

Action                   |  1- 3 |  4- 6 |  7- 9 || total
-------------------------+-------+-------+-------++-------
Melee: Unarmed           |     4 |       |       ||     4
       Punch             |     1 |       |     1 ||     2
       Flail             |       |     6 |     5 ||    11
 Cast: Foxfire           |    16 |     8 |     8 ||    32
       Scorch            |     6 |    12 |     6 ||    24
       Flame Wave        |       |     1 |     3 ||     4
  Use: Scroll            |     3 |       |     1 ||     4
       Potion            |       |       |     2 ||     2
Armor: Robe              |     2 |     3 |     3 ||     8
Dodge: Dodged            |     1 |     6 |    15 ||    22
